[ AOE2 MATCH · #481613044 ]
UnrankedKhmer vs Turks
Player's team · WIN
Rival team · LOSS
[ REPLAY ANALYSIS · EXTRACTED FROM THE RECORDED GAME ]
Feudal
9:08
Castle
27:13
Imperial
—
| APM avg | 42.6 |
| APM peak | 99 |
| eAPM avg | 18.3 |
| Villagers / military | 79 / 140 |
Focus
⚔️ 37.2% · 🌾 62.8%
Battle Elephant ×86 · Archer ×29 · Scout Cavalry ×15 · Skirmisher ×5 · Ballista Elephant ×5
Feudal
9:21
Castle
23:29
Imperial
31:40
| APM avg | 23.8 |
| APM peak | 54 |
| eAPM avg | 18.3 |
| Villagers / military | 102 / 84 |
Focus
⚔️ 29.7% · 🌾 70.3%
Skirmisher ×25 · Janissary ×16 · Monk ×12 · Spearman ×12 · Scout Cavalry ×12 · Camel Scout ×5
Match map
Initial resources + every placement click. Lines = walls · curves = elevation contours. ◆ gold · ⬟ stone · ● berries · ✦ relic · ◌ wall gap
Your base· Open — unwalled flank
WRick's base· ✓ Closed at 23:29 · 14t walls · 1 gate(s)
Smoothed initial terrain · ◌ = detected wall gap · hover for details
Inputs per minute
— DS_Exe19 - - WRick
Build order — DS_Exe19
First 150 of 300 actions detected
| 0:01 | Create | Villager (Male) |
| 0:02 | Create | Villager (Male) |
| 0:02 | Create | Villager (Male) |
| 0:02 | Create | Villager (Male) |
| 0:02 | Create | Villager (Male) |
| 0:03 | Build | House |
| 0:04 | Build | House |
| 1:39 | Create | Villager (Male) |
| 1:39 | Create | Villager (Male) |
| 2:01 | Create | Villager (Male) |
| 2:01 | Create | Villager (Male) |
| 2:25 | Create | Villager (Male) |
| 2:26 | Create | Villager (Male) |
| 2:59 | Build | Mill |
| 3:01 | Create | Villager (Male) |
| 3:01 | Create | Villager (Male) |
| 3:21 | Create | Villager (Male) |
| 3:21 | Create | Villager (Male) |
| 3:43 | Create | Villager (Male) |
| 3:58 | Create | Villager (Male) |
| 3:58 | Create | Villager (Male) |
| 4:34 | Build | House |
| 4:43 | Create | Villager (Male) |
| 4:44 | Create | Villager (Male) |
| 4:44 | Create | Villager (Male) |
| 4:44 | Create | Villager (Male) |
| 4:50 | Create | Villager (Male) |
| 4:53 | Research | Loom |
| 4:53 | Create | Villager (Male) |
| 4:54 | Create | Villager (Male) |
| 4:54 | Create | Villager (Male) |
| 4:54 | Create | Villager (Male) |
| 6:29 | Build | Lumber Camp |
| 6:55 | Research | Feudal Age |
| 8:36 | Create | Villager (Male) |
| 8:37 | Create | Villager (Male) |
| 9:01 | Build | Mill |
| 9:08 | Age | Feudal Age |
| 9:12 | Build | Stable |
| 9:32 | Research | Double-Bit Axe |
| 9:40 | Build | House |
| 9:49 | Build | Palisade Wall |
| 9:50 | Build | Palisade Wall |
| 10:00 | Build | House |
| 10:12 | Create | Scout Cavalry |
| 10:12 | Create | Scout Cavalry |
| 10:13 | Create | Scout Cavalry |
| 10:23 | Research | Horse Collar |
| 10:29 | Build | Farm |
| 10:30 | Build | Farm |
| 10:30 | Build | Farm |
| 10:30 | Build | Farm |
| 10:30 | Build | Farm |
| 10:31 | Build | Farm |
| 10:31 | Build | Farm |
| 10:36 | Create | Villager (Male) |
| 10:52 | Create | Villager (Male) |
| 11:04 | Build | Farm |
| 11:10 | Build | Farm |
| 11:11 | Build | Farm |
| 11:15 | Create | Villager (Male) |
| 11:54 | Create | Villager (Male) |
| 12:21 | Create | Villager (Male) |
| 12:21 | Create | Villager (Male) |
| 12:30 | Build | Archery Range |
| 12:40 | Create | Scout Cavalry |
| 12:40 | Create | Scout Cavalry |
| 12:58 | Create | Villager (Male) |
| 12:58 | Create | Villager (Male) |
| 13:03 | Build | Farm |
| 13:04 | Build | Farm |
| 13:18 | Build | House |
| 13:19 | Build | House |
| 13:38 | Build | Farm |
| 14:12 | Create | Archer |
| 14:12 | Create | Archer |
| 14:17 | Build | House |
| 15:07 | Create | Villager (Male) |
| 15:08 | Create | Villager (Male) |
| 15:08 | Create | Villager (Male) |
| 15:13 | Build | Mining Camp |
| 15:15 | Create | Skirmisher |
| 15:15 | Create | Skirmisher |
| 15:15 | Create | Skirmisher |
| 15:21 | Create | Scout Cavalry |
| 15:24 | Create | Scout Cavalry |
| 15:24 | Create | Villager (Male) |
| 15:27 | Build | House |
| 15:42 | Create | Skirmisher |
| 16:14 | Build | House |
| 16:25 | Create | Scout Cavalry |
| 17:11 | Create | Scout Cavalry |
| 17:14 | Create | Archer |
| 17:15 | Create | Archer |
| 17:15 | Create | Archer |
| 17:29 | Build | House |
| 17:32 | Build | House |
| 17:40 | Create | Scout Cavalry |
| 17:45 | Build | House |
| 17:56 | Build | House |
| 18:06 | Create | Scout Cavalry |
| 18:08 | Create | Villager (Male) |
| 18:08 | Create | Villager (Male) |
| 18:17 | Create | Skirmisher |
| 18:20 | Create | Archer |
| 18:20 | Create | Archer |
| 18:26 | Create | Scout Cavalry |
| 18:27 | Create | Scout Cavalry |
| 18:39 | Build | Blacksmith |
| 18:59 | Build | Farm |
| 18:59 | Build | Farm |
| 18:59 | Build | Farm |
| 19:08 | Build | Farm |
| 19:09 | Build | Farm |
| 19:12 | Create | Villager (Male) |
| 19:13 | Create | Villager (Male) |
| 19:13 | Create | Villager (Male) |
| 19:13 | Create | Villager (Male) |
| 19:13 | Create | Villager (Male) |
| 19:14 | Create | Villager (Male) |
| 19:17 | Build | Farm |
| 20:11 | Build | Farm |
| 20:16 | Build | Farm |
| 20:17 | Build | Farm |
| 20:25 | Build | Farm |
| 20:28 | Build | House |
| 20:29 | Build | House |
| 20:31 | Build | House |
| 20:32 | Build | House |
| 20:34 | Build | House |
| 20:48 | Create | Archer |
| 20:51 | Research | Fletching |
| 21:06 | Build | Farm |
| 21:06 | Create | Villager (Male) |
| 21:06 | Create | Villager (Male) |
| 21:06 | Create | Villager (Male) |
| 21:11 | Create | Archer |
| 21:12 | Create | Archer |
| 21:25 | Build | Farm |
| 21:25 | Build | Farm |
| 21:25 | Build | Farm |
| 21:25 | Build | Farm |
| 21:35 | Build | House |
| 21:39 | Build | Palisade Wall |
| 22:03 | Build | Farm |
| 22:06 | Create | Villager (Male) |
| 22:06 | Create | Villager (Male) |
| 22:06 | Create | Villager (Male) |
| 22:15 | Build | Farm |
| 22:15 | Build | Farm |
Build order — WRick
First 150 of 302 actions detected
| 0:00 | Create | Villager (Male) |
| 0:01 | Create | Villager (Male) |
| 0:01 | Create | Villager (Male) |
| 0:03 | Build | House |
| 0:05 | Build | House |
| 0:52 | Create | Villager (Male) |
| 1:29 | Create | Villager (Male) |
| 1:52 | Build | Lumber Camp |
| 2:02 | Create | Villager (Male) |
| 2:02 | Create | Villager (Male) |
| 2:30 | Create | Villager (Male) |
| 2:30 | Create | Villager (Male) |
| 2:57 | Create | Villager (Male) |
| 2:57 | Create | Villager (Male) |
| 3:08 | Create | Villager (Male) |
| 3:08 | Create | Villager (Male) |
| 3:37 | Build | House |
| 3:39 | Build | House |
| 3:48 | Create | Villager (Male) |
| 3:48 | Create | Villager (Male) |
| 3:59 | Create | Villager (Male) |
| 4:38 | Create | Villager (Male) |
| 4:38 | Create | Villager (Male) |
| 4:39 | Create | Villager (Male) |
| 4:39 | Create | Villager (Male) |
| 4:57 | Build | Mill |
| 5:33 | Create | Villager (Male) |
| 5:33 | Create | Villager (Male) |
| 5:33 | Create | Villager (Male) |
| 5:33 | Create | Villager (Male) |
| 6:29 | Create | Villager (Male) |
| 6:29 | Create | Villager (Male) |
| 6:44 | Research | Loom |
| 7:11 | Research | Feudal Age |
| 7:45 | Create | Villager (Male) |
| 7:45 | Create | Villager (Male) |
| 7:51 | Build | Mill |
| 8:53 | Create | Villager (Male) |
| 8:54 | Create | Villager (Male) |
| 9:05 | Build | Mining Camp |
| 9:19 | Build | Barracks |
| 9:21 | Age | Feudal Age |
| 9:25 | Create | Villager (Male) |
| 9:26 | Create | Villager (Male) |
| 9:42 | Research | Double-Bit Axe |
| 10:23 | Build | House |
| 10:25 | Build | House |
| 10:29 | Build | House |
| 10:37 | Build | Palisade Wall |
| 10:48 | Create | Villager (Male) |
| 10:57 | Build | Stable |
| 11:02 | Create | Villager (Male) |
| 11:06 | Build | House |
| 11:11 | Build | Palisade Wall |
| 11:13 | Build | Palisade Wall |
| 11:25 | Build | Farm |
| 11:26 | Build | Farm |
| 11:41 | Create | Militia |
| 11:41 | Create | Militia |
| 11:43 | Create | Spearman |
| 11:43 | Create | Spearman |
| 11:54 | Create | Villager (Male) |
| 12:19 | Create | Villager (Male) |
| 12:19 | Create | Villager (Male) |
| 12:21 | Build | Farm |
| 12:33 | Build | Farm |
| 12:37 | Build | Farm |
| 12:49 | Build | Farm |
| 13:25 | Build | House |
| 13:27 | Build | House |
| 13:28 | Build | House |
| 13:31 | Build | Farm |
| 13:34 | Build | Farm |
| 13:38 | Build | Farm |
| 13:57 | Create | Scout Cavalry |
| 13:57 | Create | Scout Cavalry |
| 13:57 | Create | Scout Cavalry |
| 13:58 | Create | Scout Cavalry |
| 13:58 | Create | Scout Cavalry |
| 14:00 | Create | Villager (Male) |
| 14:00 | Create | Villager (Male) |
| 14:39 | Create | Villager (Male) |
| 14:39 | Create | Villager (Male) |
| 14:40 | Create | Villager (Male) |
| 14:50 | Build | House |
| 14:52 | Build | House |
| 14:55 | Build | House |
| 14:57 | Build | House |
| 15:02 | Create | Villager (Male) |
| 15:02 | Create | Villager (Male) |
| 15:14 | Create | Villager (Male) |
| 15:14 | Create | Villager (Male) |
| 15:20 | Build | House |
| 15:25 | Build | Palisade Gate |
| 15:34 | Build | Stable |
| 15:39 | Build | Farm |
| 15:40 | Build | Farm |
| 16:07 | Build | Farm |
| 16:12 | Build | Farm |
| 16:31 | Create | Villager (Male) |
| 16:31 | Create | Villager (Male) |
| 16:31 | Create | Villager (Male) |
| 16:31 | Create | Villager (Male) |
| 16:52 | Create | Villager (Male) |
| 16:53 | Create | Villager (Male) |
| 16:56 | Create | Scout Cavalry |
| 16:56 | Create | Scout Cavalry |
| 17:17 | Build | Mining Camp |
| 17:25 | Build | Farm |
| 17:25 | Build | Farm |
| 17:25 | Build | Farm |
| 17:58 | Build | Farm |
| 18:01 | Build | Farm |
| 18:01 | Build | Farm |
| 18:16 | Build | Farm |
| 18:20 | Build | Farm |
| 18:48 | Build | Lumber Camp |
| 19:00 | Create | Villager (Male) |
| 19:02 | Create | Villager (Male) |
| 19:59 | Create | Villager (Male) |
| 20:00 | Create | Villager (Male) |
| 20:08 | Build | House |
| 20:15 | Build | Blacksmith |
| 20:30 | Create | Spearman |
| 20:30 | Create | Spearman |
| 20:30 | Create | Spearman |
| 20:34 | Create | Spearman |
| 20:40 | Research | Castle Age |
| 21:12 | Research | Horse Collar |
| 21:16 | Build | Farm |
| 21:16 | Build | Farm |
| 21:16 | Build | Farm |
| 21:30 | Build | Farm |
| 21:37 | Create | Villager (Male) |
| 21:37 | Create | Villager (Male) |
| 22:10 | Build | Farm |
| 22:12 | Create | Scout Cavalry |
| 22:12 | Create | Scout Cavalry |
| 22:12 | Create | Scout Cavalry |
| 22:14 | Create | Scout Cavalry |
| 22:15 | Create | Scout Cavalry |
| 22:19 | Build | Farm |
| 22:38 | Build | Watch Tower |
| 23:04 | Create | Spearman |
| 23:04 | Create | Spearman |
| 23:04 | Create | Spearman |
| 23:16 | Build | House |
| 23:29 | Age | Castle Age |
| 23:52 | Build | House |
| 24:03 | Create | Villager (Male) |
Match timeline
| 9:08 | DS_Exe19 · age_up feudal |
| 9:12 | DS_Exe19 · first_building Stable |
| 9:19 | WRick · first_building Barracks |
| 9:21 | WRick · age_up feudal |
| 9:49 | DS_Exe19 · wall_segment Palisade Wall x1 |
| 9:50 | DS_Exe19 · wall_segment Palisade Wall x1 |
| 10:37 | WRick · wall_segment Palisade Wall x6 |
| 10:57 | WRick · first_building Stable |
| 11:11 | WRick · wall_segment Palisade Wall x1 |
| 11:13 | WRick · wall_segment Palisade Wall x7 |
| 12:30 | DS_Exe19 · first_building Archery Range |
| 21:39 | DS_Exe19 · wall_segment Palisade Wall x9 |
| 23:29 | WRick · age_up castle |
| 27:07 | WRick · first_building Monastery |
| 27:13 | DS_Exe19 · age_up castle |
| 29:46 | WRick · first_building Archery Range |
| 30:37 | WRick · first_market_sell 100 food |
| 30:41 | WRick · first_market_buy 100 stone |
| 31:40 | WRick · age_up imperial |
| 32:14 | WRick · first_building Castle |
| 41:28 | DS_Exe19 · first_building Castle |
| 43:10 | DS_Exe19 · first_market_sell 500 wood |
| 47:57 | DS_Exe19 · first_market_buy 100 food |
| 48:14 | WRick · resign |
[ AI ANALYSIS · 1 CREDIT ]
What really happened in this match?
Wolo.gg analyzes every decision: build order, eco, micro, common mistakes by bracket. Personalized analysis on WhatsApp or Discord in 30 seconds.
Civ guide
Khmer
Perfil
Jugador #3497713